 Dungeon Crawl Stone Soup version 0.31-a0-1-g4198be8af4 (webtiles) character file.

Game seed: 548757613529988273

73 GuildmasterMusic the Shield-Bearer (level 4, -8/41 HPs)
             Began as a Minotaur Fighter on May 1, 2023.
             Was a Believer of Vehumet.
             Killed by nerve-wracking pain
             ... invoked by Jessica
              (12 damage)
             ... on level 2 of the Dungeon.
             The game lasted 00:01:48 (833 turns).

GuildmasterMusic the Shield-Bearer (MiFi)            Turns: 833, Time: 00:01:49

Health: -8/41      AC:  7    Str: 23    XL:     4   Next: 8%
Magic:  3/3        EV:  9    Int:  5    God:    Vehumet [**....]
Gold:   32         SH:  0    Dex:  9    Spells: 3/3 levels left

rFire   . . .        a - +0 war axe
rCold   . . .        c - +0 buckler
rNeg    . . .        b - +0 scale mail
rPois   .            (helmet restricted)
rElec   .            (no cloak)
rCorr   .            (no gloves)
SInv    .            (no boots)
Will    .....        (no amulet) Stlth
                     (no ring)
HPRegen 0.26/turn    (no ring)
MPRegen 0.08/turn

%: no passive effects
@: confused
A: horns 2, retaliatory headbutt
a: Renounce Religion


You were on level 2 of the Dungeon.
You worshipped Vehumet.
Vehumet was pleased with you.
You visited 1 branch of the dungeon, and saw 2 of its levels.

You collected 32 gold pieces.

Inventory:

Hand Weapons
 a - a +0 war axe (weapon)
Armour
 b - a +0 scale mail (worn)
 c - a +0 buckler (worn)
Jewellery
 l - a ring of ice
Scrolls
 e - 3 scrolls of identify {unknown}
 f - a scroll of fog {unknown}
 g - a scroll of teleportation {unknown}
 i - 2 scrolls of enchant weapon {unknown}
Potions
 d - 2 potions of might
 h - a potion of ambrosia {unknown}
 j - a potion of invisibility {unknown}
 k - a potion of mutation {unknown}
 m - a potion of brilliance {unknown}


   Skills:
 + Level 4.3 Fighting
 + Level 3.3 Axes
 + Level 4.3 Armour
 + Level 4.4 Shields


You had 3 spell levels left.
You didn't know any spells.
Your spell library was empty.

Dungeon Overview and Level Annotations

Branches:
Dungeon (2/15)

Altars:
Vehumet

Annotations:
D:2 Jessica


Innate Abilities, Weirdness & Mutations

You have a pair of horns on your head.
You reflexively headbutt those who attack you in melee.


Message History

Vehumet accepts your kill.
The giant cockroach bites you but does no damage.
Something hits you.
The giant cockroach bites you but does no damage.
You slash the giant cockroach!
You kill the giant cockroach!
Vehumet accepts your kill.
You closely miss something. You miss something.
You hear some strange, mumbled words.
You are more confused.
Something hits you but does no damage.
You hear some strange, mumbled words.
A magic dart appears from out of thin air!
The magic dart hits you. Something hits you but does no damage.
Things that are here:
a +0 mace; a +0 leather armour; a hobgoblin corpse You miss something. x2
Jessica casts a spell at you.
Something writhes in agony!
Something hits you but does no damage.
You hear some strange, mumbled words.
A puff of flame appears from out of thin air!
The puff of flame hits you. Something hits you but does no damage.
You hear some strange, mumbled words.
You are more confused.
Something hits you.
* * * LOW HITPOINT WARNING * * *
You hear some strange, mumbled words.
Something tries to affect you, but you resist.
You completely miss something. Your headbutt misses something.
You miss Jessica. Jessica hits you with a +0 dagger.
* * * LOW HITPOINT WARNING * * *
You hear some strange, mumbled words.
A magic dart appears from out of thin air!
The magic dart hits you.
* * * LOW HITPOINT WARNING * * *
Something hits you.
* * * LOW HITPOINT WARNING * * *
Jessica points at you and mumbles some strange words.
Pain shoots through your body!
You die...

........# ........#
...........
#..........# .
#...!......# ..
#..........# ...
#.....!....# ....
#.........@# .....
........>..##......
.#
#.$......<{@....[..
..
####......)....#..
< #..##.......#
#...#.......# .. ##
#.#.#.....[.# #..
... #.#.#.......#
###.
#..###.#[........#
...


You could see Jessica.

Vanquished Creatures
  2 adders (D:2)
  2 dart slugs (D:1)
  2 orcs (D:2)
  4 ball pythons (D:1)
  3 bats
  3 endoplasms
  2 giant cockroaches
  3 goblins
  3 hobgoblins
  5 jackals (D:1)
  3 quokkas
  6 kobolds
  8 rats
46 creatures vanquished.

Notes
Turn   | Place    | Note
-------+----------+-------------------------------------------
     0 | D:1      | GuildmasterMusic the Minotaur Fighter began the quest for
                  | the Orb.
     0 | D:1      | Reached XP level 1. HP: 19/19 MP: 0/0
   103 | D:1      | Reached XP level 2. HP: 26/27 MP: 1/1
   153 | D:1      | Found a faded altar of an unknown god.
   364 | D:1      | Reached XP level 3. HP: 33/33 MP: 2/2
   384 | D:1      | Prayed at the altar of an unknown god.
   384 | D:1      | Became a worshipper of Vehumet
   384 | D:1      | Reached * piety under Vehumet
   384 | D:1      | Offered knowledge of Foxfire by Vehumet.
   738 | D:2      | Offered knowledge of Freeze by Vehumet.
   808 | D:2      | Reached ** piety under Vehumet
   819 | D:2      | Noticed Jessica
   824 | D:2      | Reached XP level 4. HP: 24/40 MP: 3/3
   833 | D:2      | Killed from afar by Jessica

Illustrated notes

Levels and vault maps discovered:
D:1:      nicolae_arrival_washed_ashore, layout_rooms, basic_ecumenical_altar,
          minmay_door_square
D:2:      layout_rooms, hex_intersection, uniq_jessica

Skill      XL: |  1  2 |
---------------+-------+-----
Shields        | 4 |  4.4
Armour         | 4 |  4.3
Fighting       | 4 |  4.3
Axes           | 3 |  3.3

Action                     |  1- 3 |  4- 6 || total
---------------------------+-------+-------++-------
  Melee: War axe           |    92 |     7 ||    99
         Headbutt          |     9 |     1 ||    10
 Armour: Scale mail        |    38 |    12 ||    50
  Dodge: Dodged            |    43 |     2 ||    45
  Block: Buckler           |    17 |       ||    17

Table legend: (Time is in decaauts)
 A = Elapsed time spent in this place.
 B = Non-inter-level travel time spent in this place.
 C = Inter-level travel time spent in this place.
 D = Time resting spent in this place.
 E = Time spent auto-exploring this place.
 F = Levels seen in this place.
 G = Mean time per level.
                   A        B        C        D        E       F      G
               +--------+--------+--------+--------+--------+-----+--------+
         Total |    870 |    846 |     24 |      0 |    589 |   2 |  435.0 |
       Dungeon |    870 |    846 |     24 |      0 |    589 |   2 |  435.0 |
               +--------+--------+--------+--------+--------+-----+--------+

Top non-repeatable levels by time:
     D:1: 645 daAuts
     D:2: 225 daAuts
